 Dungeon Crawl Stone Soup version 0.26.0-7-g794d0892b4 (webtiles) character file.

Game seed: 10550698768881785667

157 thedisplayname the Sneak (level 5, -1/31 HPs)
             Began as an Octopode Conjurer on Jan 11, 2021.
             Slain by a sky beast (6 damage)
             ... on level 3 of the Dungeon.
             The game lasted 00:12:23 (3285 turns).

thedisplayname the Sneak (Octopode Conjurer)        Turns: 3285, Time: 00:12:23

Health: -1/31      AC: -3    Str:  6    XL:     5   Next: 38%
Magic:  9/9        EV: 13    Int: 22    God:
Gold:   236        SH:  0    Dex: 10    Spells: 6/9 levels left

rFire    . . .     SeeInvis .   b - +0 dagger
rCold    . . .     Faith    .   (no shield)
rNeg     . . .     Spirit   .   (helmet restricted)
rPois    .         Reflect  .   f - amulet of regeneration
rElec    .         Harm     .   e - ring of willpower
rCorr    .         Rampage  .   h - -4 ring of protection (curse)
Will     +....                  (no ring)
Stlth    ++++......             (no ring)
HPRegen  0.50/turn              (no ring)
MPRegen  0.11/turn              (no ring)
                                (no ring)
                                (no ring)

@: no status effects
A: almost no armour, stealthy swim, amphibious, 8 rings, constrict 8, camouflage
1, gelatinous body 1
a: no special abilities


You were on level 3 of the Dungeon.
You visited 1 branch of the dungeon, and saw 4 of its levels.

You collected 236 gold pieces.

Inventory:

Hand Weapons
 b - a +0 dagger (weapon)
Missiles
 c - 8 silver javelins (quivered)
Jewellery
 e - a ring of willpower (left tentacle)
 f - an amulet of regeneration (around mantle)
 h - a cursed -4 ring of protection (right tentacle)
Scrolls
 a - a scroll of immolation


   Skills:
 + Level 2.9 Dodging
 * Level 5.1 Stealth
 + Level 2.7 Spellcasting
 + Level 4.5 Conjurations
 + Level 0.8 Translocations


You had 6 spell levels left.
You knew the following spells:

 Your Spells              Type           Power        Failure   Level
a - Magic Dart            Conj           92%          1%          1
b - Searing Ray           Conj           46%          3%          2

Your spell library contained the following spells:

 Spells                   Type           Power        Failure   Level
 Dazzling Flash           Conj/Hex       26%          16%         3
 Iskenderun's Mystic Bla  Conj/Tloc      14%          38%         4
 Fulminant Prism          Conj/Hex       6%           45%         4


Dungeon Overview and Level Annotations

Branches:
Dungeon (4/15)
 Temple: D:4-7

Altars:
Gozag

Annotations:
D:2 Natasha


Innate Abilities, Weirdness & Mutations

You cannot wear most types of armour.
You are very stealthy in the water. (Stealth+)
You are amphibious.
You can wear up to eight rings at the same time.
You can use your tentacles to constrict eight enemies at once.
Your skin changes colour to match your surroundings (Stealth+).
Your rubbery body absorbs attacks. (AC +1, EV +1)


Message History

A sky beast appears from thin air!
Reactivating autopickup.
The sky beast closely misses you.
The sky beast flickers out of sight!
Deactivating autopickup; reactivate with Ctrl-A.
There is a stone staircase leading down here.
Something hits you. Something shocks you.
You climb downwards.
Reactivating autopickup.
There is a stone staircase leading up here.
Something hits you. Something shocks you.
* * * LOW HITPOINT WARNING * * *
Deactivating autopickup; reactivate with Ctrl-A.
You climb upwards.
Reactivating autopickup.
There is a stone staircase leading down here.
Something hits you.
* * * LOW HITPOINT WARNING * * *
Something shocks you.
You die...

#.# #.......[(..# #..
#.########.........# #..
#..............#.#.########..
##########.....#.#.(.††......
###..##.##########.#
#..##.###(.......#
##############..)<..)..########
###..................#####
..#.###########.@>#### #.#.#
#...# #.#.# #######...# #.#.#
#.)..[....# ..#.# #.#####.#.#
###.# #.# #.#.#
#.#####.#####.#.#
#.............#.##
#######.#######..#


There were no monsters in sight!

Vanquished Creatures
  An orc priest (D:3)
  Natasha (twice) (D:2)
  An adder (D:2)
  An ooze (D:3)
  A dart slug (D:1)
  A leopard gecko (D:1)
  3 orcs (D:3)
  A giant cockroach (D:1)
  7 hobgoblins
  10 jackals
  5 kobolds
  6 bats
  4 frilled lizards
  7 goblins
  9 rats
59 creatures vanquished.

Notes
Turn   | Place    | Note
-------+----------+-------------------------------------------
     0 | D:1      | thedisplayname the Octopode Conjurer began the quest for
                  | the Orb.
     0 | D:1      | Reached XP level 1. HP: 11/11 MP: 3/3
   179 | D:1      | Reached skill level 3 in Stealth
   337 | D:1      | Reached XP level 2. HP: 17/17 MP: 3/5
   997 | D:1      | Reached XP level 3. HP: 21/21 MP: 1/6
  1631 | D:2      | Reached skill level 4 in Stealth
  1652 | D:2      | Noticed Natasha
  1656 | D:2      | Killed Natasha
  1657 | D:2      | Reached XP level 4. HP: 27/27 MP: 2/7
  1766 | D:2      | Noticed Natasha
  1772 | D:2      | Killed Natasha
  1941 | D:2      | Found an opulent altar of Gozag.
  1991 | D:2      | Learned a level 2 spell: Searing Ray
  2101 | D:3      | Reached skill level 5 in Stealth
  2101 | D:3      | Reached XP level 5. HP: 14/31 MP: 4/9
  3061 | D:4      | Noticed a sky beast
  3251 | D:2      | Noticed Natasha
  3285 | D:3      | Slain by a sky beast

Illustrated notes

Levels and vault maps discovered:
D:1:      minmay_arrival_loop, layout_loops_ring
D:2:      layout_loops_ring, nicolae_gozag_cash_rules_everything_around_me,
          uniq_natasha
D:3:      layout_loops_ring
D:4:      layout_rooms, lemuel_doored_altar, minmay_temple_entry_wispy,
          chequers_serial_rivers_large_a, hangedman_abyss_or_decor_passed

Skill      XL: |  1  2  3  4 |
---------------+-------------+-----
Stealth        | 3 4 5 |  5.1
Dodging        | |  2.9
Spellcasting   | |  2.7
Conjurations   | |  4.5
Translocations | |  0.8

Action                   |  1- 3 |  4- 6 || total
-------------------------+-------+-------++-------
Melee: Unarmed           |     5 |       ||     5
       Constrict         |     3 |     3 ||     6
       Tentacles         |     3 |     2 ||     5
       Dagger            |     7 |    17 ||    24
Throw: Javelin           |       |     1 ||     1
 Cast: Magic Dart        |    62 |    30 ||    92
       Searing Ray       |       |     3 ||     3
  Use: Scroll            |     3 |     6 ||     9
       Potion            |     1 |     2 ||     3
 Stab: Sleeping          |     1 |     3 ||     4
Armor: Skin              |     2 |     1 ||     3
Dodge: Dodged            |    14 |    12 ||    26
